 Dungeon Crawl Stone Soup version 0.19-a0-1071-g4ed3155 (webtiles) character file.

1189 4thArraOfDagon the Grappler (level 8, -3/68 HPs)
             Began as a Troll Arcane Marksman on Aug 5, 2016.
             Was an Initiate of Ashenzari.
             Slain by an orc warrior
             ... wielding a +0 long sword
              (10 damage)
             ... on level 6 of the Dungeon.
             The game lasted 00:07:19 (1557 turns).

4thArraOfDagon the Grappler (Troll Arcane Marksman) Turns: 1557, Time: 00:07:20

Health: -3/68      AC:  5    Str: 20    XL:     8   Next: 19%
Magic:  8/8        EV:  7    Int: 11    God:    Ashenzari [......]
Gold:   94         SH:  8    Dex:  9    Spells: 1 memorised, 8 levels left

rFire  . . .     SeeInvis .       - Unarmed
rCold  . . .     Gourm    +     a - +0 robe
rNeg   . . .     Faith    .     p - +0 shield (curse)
rPois  .         Spirit   .     (helmet restricted)
rElec  .         Dismiss  .     (no cloak)
rCorr  .         Reflect  .     (gloves unavailable)
SustAt .         Harm     .     (boots unavailable)
MR     .....                    (no amulet)
Stlth  +.........               (no ring)
                                (no ring)

@: flying
A: unfitting armour, claws 3, fast metabolism 3, gourmand, regeneration 2,
shaggy fur 1, tough skin 2
a: Curse Item, Renounce Religion


You were on level 6 of the Dungeon.
You worshipped Ashenzari.
Ashenzari was noncommittal.
You were very full.

You visited 2 branches of the dungeon, and saw 7 of its levels.

You collected 94 gold pieces.

Inventory:

Missiles
 c - 4 large rocks (quivered)
Armour
 a - a +0 robe (worn)
 p - a cursed +0 shield (worn)
Jewellery
 o - an uncursed ring of wizardry
 r - an uncursed ring of fire
Scrolls
 e - a scroll of remove curse
 h - a scroll of magic mapping {unknown}
 i - 3 scrolls of teleportation {unknown}
 j - 2 scrolls of identify {unknown}
 k - 2 scrolls of recharging {unknown}
 s - a scroll of enchant armour {unknown}
 v - a scroll of amnesia {unknown}
Potions
 g - a potion of resistance {unknown}
 m - a potion of agility {unknown}
 n - a potion of brilliance {unknown}
 q - 2 potions of flight
Books
 b - a book of Debilitation

   Spells                             Type                      Level
   a - Corona                         Hexes                        1
   b - Slow                           Hexes                        2
   c - Gell's Gravitas                Hexes/Translocation          3
   d - Inner Flame                    Hexes/Fire                   3
   e - Cause Fear                     Hexes                        4
   f - Leda's Liquefaction            Hexes/Earth                  4
Comestibles
 f - 4 bread rations
 l - a beef jerky
 t - 2 royal jellies
 u - a meat ration


   Skills:
 - Level 0.7 Fighting
 - Level 1.7 Throwing
 - Level 1.5 Dodging
 * Level 2.5 Shields
 * Level 9.1 Unarmed Combat
 - Level 1.0 Spellcasting
 - Level 2.0 Hexes


You had 8 spell levels left.
You knew the following spells:

 Your Spells              Type           Power        Failure   Level  Hunger
a - Corona                Hex            #......      67%         1    ##.....


Dungeon Overview and Level Annotations

Branches:
Dungeon (6/15)             Temple (1/1) D:6

Altars:
Ashenzari
Cheibriados
Dithmenos
Elyvilon
Fedhas
Hepliaklqana
Kikubaaqudgha
Makhleb
Qazlal
Ru
Sif Muna
Trog
Xom
Yredelemnul
Zin
The Shining One


Innate Abilities, Weirdness & Mutations

You are too large for most types of armour.
You have claws for hands.
Your metabolism is lightning-fast.
You like to eat raw meat.
You heal very quickly.
You are covered in fur. (AC +1)
You have very tough skin. (AC +2)


Message History

Throwing (i - inventory. (,) - cycle):
d - a throwing net (quivered)
Press: ? - help, Shift-Dir - straight line, f - orc warrior
Aim: an orc warrior, wielding a long sword and wearing a plate armour (severely wounded)
You throw a throwing net.
The throwing net closely misses the orc warrior.
Unknown command.
An adder comes into view.
The adder hisses angrily.
The orc warrior hits you with a long sword!!
* * * LOW HITPOINT WARNING * * *
Unknown command.
Unknown command.
You hear a distant slurping noise.
Okay, then.
There is a stone staircase leading up here.
It was a potion of flight.
You feel very buoyant.
You fly up into the air.
The orc warrior hits you with a long sword!
You die...

#..# #..
#######..##### ...
#..o..(......# ...
#.#####...###.# ...
#.# #.So# .# ... #o#
#.#.###.# ... ##.##
#.##o...#
.#o##o..####.###o#.#
............S# #@#
.####...####.#
#....# ##.## ...
#..#..... #.# ...
#... ##.. #.# #.###
#.# ..# #.. ..# ...
..# ###


You could see an orc warrior, an adder and 2 orcs.

Vanquished Creatures
  Eustachio (D:5)
  Menkaure (D:5)
  A phantom (D:6)
  An ogre (D:4)
  A centaur (D:6)
  3 scorpions (D:4)
  A howler monkey (D:5)
  A crimson imp (D:5)
  A centaur zombie (D:5)
  2 orc wizards
  An orc priest (D:4)
  An iguana (D:4)
  5 worker ants
  A hound skeleton (D:4)
  A worker ant zombie (D:5)
  Robin (D:3)
  4 gnolls (D:5)
  4 adders
  An adder skeleton (D:6)
  3 worms
  A giant gecko (D:4)
  12 orcs
  A ball python (D:2)
  2 bats (D:1)
  5 giant cockroaches
  11 goblins
  5 hobgoblins
  4 jackals (D:5)
  3 kobolds
  2 quokkas
  A giant gecko skeleton (D:4)
  3 giant newts
  A jackal skeleton (D:5)
  4 rats
90 creatures vanquished.

Notes
Turn   | Place    | Note
-------+----------+-------------------------------------------
     0 | D:1      | 4thArraOfDagon the Troll Arcane Marksman began the quest for the Orb.
     0 | D:1      | Reached XP level 1. HP: 18/18 MP: 1/1
    10 | D:1      | You fall through a shaft!
    90 | D:5      | Entered Level 5 of the Dungeon
    91 | D:5      | Noticed a scorpion
   135 | D:4      | Killed a scorpion
   135 | D:4      | Reached skill level 3 in Unarmed Combat
   135 | D:4      | Reached XP level 2. HP: 8/26 MP: 2/2
   135 | D:4      | Reached XP level 3. HP: 9/32 MP: 3/3
   175 | D:5      | Reached XP level 4. HP: 7/40 MP: 4/4
   188 | D:5      | Reached skill level 4 in Unarmed Combat
   220 | D:5      | Reached XP level 5. HP: 14/46 MP: 5/5
   324 | D:5      | Noticed Eustachio
   332 | D:5      | Reached skill level 5 in Unarmed Combat
   379 | D:5      | Killed Eustachio
   379 | D:5      | Reached skill level 6 in Unarmed Combat
   379 | D:5      | Reached XP level 6. HP: 37/54 MP: 6/6
   499 | D:6      | Reached skill level 7 in Unarmed Combat
   528 | D:6      | Found a staircase to the Ecumenical Temple.
   531 | Temple   | Entered the Ecumenical Temple
   636 | Temple   | Became a worshipper of Ashenzari the Shackled
   654 | D:6      | Noticed an orc warrior
   733 | D:5      | Reached XP level 7. HP: 61/61 MP: 7/7
   777 | D:5      | Noticed Menkaure
   781 | D:5      | Killed Menkaure
   808 | D:4      | Reached skill level 8 in Unarmed Combat
   999 | D:3      | Found a snail-covered altar of Cheibriados.
  1279 | D:3      | Noticed Robin
  1284 | D:3      | Reached skill level 1 in Shields
  1312 | D:3      | Killed Robin
  1398 | D:4      | Reached XP level 8. HP: 37/68 MP: 8/8
  1410 | D:4      | Reached skill level 9 in Unarmed Combat
  1557 | D:6      | Slain by an orc warrior

Vault maps used:
D:1:      enne_arrival_octagon_isle
D:2:      nemelex_xobeh_ov_fountains_minmay, uniq_natasha
D:3:      old_standard_altar, lemuel_doored_altar, kennysheep_generic_room_4,
          uniq_sigmund, uniq_grinder, uniq_robin, uniq_crazy_yiuf_cottage
D:4:      vehumet_crystals, first_bread
D:5:      uniq_pikel, uniq_duvessa, uniq_menkaure, uniq_eustachio
D:6:      basic_altar
Temple:   eino_temple_scatter_basement

Skill      XL: |  1  2  3  4  5  6  7  8 |
---------------+-------------------------+-----
Unarmed Combat | 3 4 6 7 8 9 |  9.1
Shields        | 2 |  2.5
Fighting       | |  0.7
Throwing       | |  1.7
Dodging        | |  1.5
Spellcasting   | |  1.0
Hexes          | |  2.0

Action                   |  1- 3 |  4- 6 |  7- 9 || total
-------------------------+-------+-------+-------++-------
Melee: Unarmed           |    34 |   117 |   148 ||   299
       Punch             |       |     3 |     3 ||     6
Throw: Throwing net      |     4 |       |     1 ||     5
Invok: Curse Item        |       |       |     1 ||     1
  Use: Potion            |     3 |       |     1 ||     4
 Stab: Sleeping          |       |       |     1 ||     1
  Eat: Chunk             |       |     9 |    10 ||    19
Armor: Robe              |     7 |    31 |    23 ||    61
Dodge: Dodged            |    22 |    58 |    29 ||   109
Block: Shield            |       |       |    30 ||    30
